 Dungeon Crawl Stone Soup version 0.27-a0-1228-gfd60fd639a (webtiles) character file.

Game seed: 13083330572125142497

256 Shayle the Grave Robber (level 5, -1/66 HPs)
             Began as a Palentonga Necromancer on June 8, 2021.
             Slain by Grinder (6 damage)
             ... on level 3 of the Dungeon.
             The game lasted 00:08:10 (4257 turns).

Shayle the Grave Robber (Palentonga Necromancer)    Turns: 4257, Time: 00:08:10

Health: -1/66      AC: 22    Str: 11    XL:     5   Next: 92%
Magic:  8/8        EV:  1    Int: 17    God:
Gold:   131        SH:  0    Dex: 10    Spells: 0/8 levels left

rFire    . . .     SeeInvis +   m - +0 morningstar
rCold    . . .     Faith    .   (no shield)
rNeg     + + +     Spirit   .   (armour currently unavailable)
rPois    +         Reflect  .   (helmet currently unavailable)
rElec    .         Harm     .   (cloak currently unavailable)
rCorr    .         Rampage  .   (gloves currently unavailable)
Will     .....     NoTele   +   (no barding)
Stlth    +.........             (no amulet)
HPRegen  0.21/turn              (no ring)
MPRegen  0.11/turn              (no ring)

@: tree-form, on berserk cooldown, slowed, very slow
A: stationary, stasis, torment immunity, boosted hp, large, rugged brown scales
3, see invisible, (deformed body), (roll 1), (armoured tail)
a: no special abilities


You were on level 3 of the Dungeon.
You were a tree.
You visited 1 branch of the dungeon, and saw 3 of its levels.

You collected 131 gold pieces.

Inventory:

Hand Weapons
 k - a +0 flail
 m - a +0 morningstar (weapon)
Armour
 a - a +0 robe (melded)
 f - a +2 helmet (melded)
Jewellery
 d - a +6 ring of strength
Scrolls
 b - a scroll of enchant weapon {unknown}
 c - a scroll of magic mapping {unknown}
 e - a scroll of holy word
 l - a scroll of teleportation {unknown}
Potions
 j - 2 potions of haste


   Skills:
 + Level 4.0 Fighting
 + Level 3.8 Dodging
 - Level 1.2 Stealth
 - Level 2.0 Spellcasting
 - Level 4.0 Necromancy


You couldn't memorise any spells.
You knew the following spells:

 Your Spells              Type           Power      Damage    Failure   Level
a - Pain                  Necr           60%        1d7       3%          1
b - Vampiric Draining     Necr           7%         2d7       11%         3
c - Animate Dead          Necr           7%         N/A       36%         4

Your spell library contained the following spells:

 Spells                   Type           Power      Damage    Failure   Level
 Animate Skeleton         Necr           30%        N/A       3%          1
 Summon Small Mammal      Summ           4%         N/A       19%         1
 Call Imp                 Summ           1%         N/A       28%         2
 Call Canine Familiar     Summ           1%         N/A       50%         3
 Summon Guardian Golem    Hex/Summ       1%         N/A       50%         3
 Agony                    Necr           15%        N/A       71%         5
 Summon Ice Beast         Ice/Summ       1%         N/A       88%         4
 Summon Lightning Spire   Summ/Air       1%         N/A       88%         4


Dungeon Overview and Level Annotations

Branches:
Dungeon (3/15)

Altars:

Annotations:
D:3 Grinder


Innate Abilities, Weirdness & Mutations

You are a tree.
Your roots penetrate the ground, keeping you stationary.
You cannot be teleported.
You are immune to unholy pain and torment.
Your maximum health is greatly increased.
Your equipment is partially melded.
(You are completely covered in rugged brown scales. (AC +3, +7% HP))
You have supernaturally acute eyesight. (SInv)
((Armour fits poorly on your strangely shaped body.))
((You can roll at nearby foes to attack.))
((You have a long armoured tail.))


Message History

Grinder gestures at you.
You suddenly lose the ability to move!
Grinder hits you.
* * * LOW HITPOINT WARNING * * *
You writhe in agony.
* * * LOW HITPOINT WARNING * * *
You can move again.
Really quaff the potion of lignification?
Uppercase [Y]es or [N]o only, please.
Really quaff the potion of lignification?
You turn into a tree.
Your +2 helmet melds into your body.
Your +0 robe melds into your body.
Your roots penetrate the ground.
Grinder gestures at you.
You shrug off the repeated paralysis!
A red film seems to cover your vision as you go berserk!
You feel yourself moving faster!
You feel mighty! Grinder hits you!
* * * LOW HITPOINT WARNING * * *
You closely miss Grinder.
Grinder is lightly wounded.
Grinder blinks!
Unknown command.
You feel a strong urge to attack something.
Grinder blinks!
You feel your anger nearly subside.
You are no longer berserk.
You are exhausted.
You feel yourself slow down.
You hit Grinder.
Grinder is moderately wounded.
Grinder blinks!
You closely miss Grinder.
Grinder is moderately wounded.
Grinder hits you.
* * * LOW HITPOINT WARNING * * *
Grinder blinks!
Grinder says, "My boss said I was rubbish.
His entrails said otherwise."
You barely miss Grinder.
Grinder is moderately wounded.
Grinder hits you.
You die...

#####.# #.####.#.# ......#
#.##.....###
#####.###.##.#.....#
#..##.##.#.....#
#..##.##.##.#..#
#..#...........#
#..##.###......# #
#...........§..###.###
#.#.#.#.....♣........#
#####.#.#.###..#5#.#######
...##.#...............#
...##.#..........#.##.#
...##.##.≈#.#..###.##.#
...##...≈≈≈............
...######≈≈.#..###.#####
...+[.....≈≈.>.# #.# ###
...######.≈≈#..# #.# #.#


You could see Grinder.

Vanquished Creatures
  A scorpion (D:3)
  An orc priest (D:3)
  An orc wizard (D:3)
  8 adders
  2 dart slugs
  7 orcs
  A ball python (D:1)
  2 bats
  6 endoplasms
  2 giant cockroaches
  4 goblins
  7 hobgoblins
  2 jackals (D:1)
  3 quokkas
  3 frilled lizards
  2 kobolds (D:2)
  8 rats
60 creatures vanquished.

Vanquished Creatures (collateral kills)
  A bat (D:3)
1 creature vanquished.

Grand Total: 61 creatures vanquished

Notes
Turn   | Place    | Note
-------+----------+-------------------------------------------
     0 | D:1      | Shayle the Palentonga Necromancer began the quest for the
                  | Orb.
     0 | D:1      | Reached XP level 1. HP: 13/13 MP: 3/3
   259 | D:1      | Found a faded altar of an unknown god.
   412 | D:1      | Reached skill level 1 in Fighting
   463 | D:1      | Reached XP level 2. HP: 21/22 MP: 3/5
  1008 | D:2      | Reached XP level 3. HP: 27/28 MP: 6/6
  1124 | D:2      | Learned a level 3 spell: Vampiric Draining
  1954 | D:2      | Reached XP level 4. HP: 12/36 MP: 1/7
  2473 | D:3      | Noticed Grinder
  2475 | D:3      | Paralysed by Grinder for 6 turns
  3340 | D:3      | Reached XP level 5. HP: 34/43 MP: 4/8
  3736 | D:3      | Learned a level 4 spell: Animate Dead
  4244 | D:3      | Paralysed by Grinder for 2 turns
  4257 | D:3      | Slain by Grinder

Illustrated notes

Levels and vault maps discovered:
D:1:      minmay_arrival_three_doors, layout_basic,
          hellmonk_ecumenical_altar_zigzags, kennysheep_minor_cross
D:2:      layout_loops_corners
D:3:      layout_basic, grunt_decor_cap, chequers_jeans,
          chequers_serial_rivers_small_a, uniq_grinder

Skill      XL: |  1  2  3  4  5 |
---------------+----------------+-----
Fighting       | 1 2 3 4 |  4.0
Dodging        | 2 3 |  3.8
Stealth        | |  1.2
Spellcasting   | |  2.0
Necromancy     | |  4.0

Action                   |  1- 3 |  4- 6 || total
-------------------------+-------+-------++-------
Melee: Unarmed           |    49 |     3 ||    52
       Tailslap          |     3 |     7 ||    10
       Flail             |       |    60 ||    60
       Morningstar       |       |    53 ||    53
 Cast: Pain              |    60 |    25 ||    85
       Vampiric Draining |     2 |     6 ||     8
       Animate Dead      |       |     1 ||     1
 Abil: Rolling Charge    |     3 |     2 ||     5
  Use: Scroll            |     3 |     3 ||     6
       Potion            |       |     3 ||     3
Armor: Robe              |    38 |    69 ||   107
Dodge: Dodged            |    29 |    81 ||   110

Table legend: (Time is in decaauts)
 A = Elapsed time spent in this place.
 B = Non-inter-level travel time spent in this place.
 C = Inter-level travel time spent in this place.
 D = Time resting spent in this place.
 E = Time spent auto-exploring this place.
 F = Levels seen in this place.
 G = Mean time per level.
                   A        B        C        D        E       F      G
               +--------+--------+--------+--------+--------+-----+--------+
         Total |   4326 |   4191 |    135 |   1461 |   1990 |   3 | 1442.0 |
       Dungeon |   4326 |   4191 |    135 |   1461 |   1990 |   3 | 1442.0 |
               +--------+--------+--------+--------+--------+-----+--------+

Top non-repeatable levels by time:
     D:2: 2202 daAuts
     D:3: 1285 daAuts
     D:1: 838 daAuts
